 Dungeon Crawl Stone Soup version 0.29-a0-341-g24ffce5b50 (webtiles) character file.

Game seed: 11476729687083299929

438 spaghetti the Ruffian (level 6, -3/42 (50) HPs)
             Began as a Demigod Fighter on Apr 20, 2022.
             Slain by a wight
             ... wielding a +5 scimitar
              (8 damage)
             ... on level 4 of the Dungeon.
             The game lasted 00:04:47 (4070 turns).

spaghetti the Ruffian (Demigod Fighter)             Turns: 4070, Time: 00:04:48

HP:   -3/42 (50)    AC: 11    Str: 24 (25) XL:     6   Next: 41%
MP:   8/8           EV:  6    Int: 13 (16) God:
Gold: 72            SH:  4    Dex: 11 (13) Spells: 5/5 levels left

rFire   . . .      SeeInvis .     - Unarmed
rCold   . . .      Faith    .   b - +0 buckler
rNeg    . . .      Spirit   .   j - +0 plate armour
rPois   .          Reflect  .   (helmet restricted)
rElec   .          Harm     .   (no cloak)
rCorr   .          Rampage  .   (no gloves)
Will    .....                   (no boots)
Stlth   ..........              (no amulet)
HPRegen 0.14/turn               u - +6 ring of intelligence
MPRegen 0.11/turn               (no ring)

@: hasted, heavily drained, very quick
A: high MP 1, forlorn, divine attributes, antennae 1, hooves 1
a: no special abilities


You were on level 4 of the Dungeon.
You visited 1 branch of the dungeon, and saw 4 of its levels.

You collected 72 gold pieces.


Innate Abilities, Weirdness & Mutations

You have an increased reservoir of magic. (+10% MP)
You shall have no god before yourself.
Your divine heritage dramatically boosts your attributes as you level up.
You have a pair of small antennae on your head.
You have large cloven feet.


   Skills:
 - Level 2.6 Fighting
 - Level 2.6 Armour
 - Level 2.6 Shields
 + Level 6.6 Unarmed Combat


You had 5 spell levels left.
You didn't know any spells.
Your spell library contained the following spells:

 Spells                   Type           Power      Damage    Failure   Level
 Alistair's Intoxication  Tmut/Pois      0%         N/A       100%        5
 Borgnjor's Vile Clutch   Necr/Erth      0%         N/A       100%        5
 Eringya's Noxious Bog    Tmut/Pois      0%         N/A       100%        6

Inventory:

Hand Weapons
 a - a +0 hand crossbow of flaming {crossbow}
   (You found it on level 3 of the Dungeon)
 f - a +1 dagger {short}
   (You found it on level 1 of the Dungeon)
 g - a +0 short sword {short}
   (You took it off a kobold on level 1 of the Dungeon)
 i - a +0 whip {mace}
   (You took it off a kobold on level 1 of the Dungeon)
 m - a +0 dagger {short}
   (You took it off a goblin on level 1 of the Dungeon)
 n - a +0 whip {mace}
   (You took it off a kobold on level 1 of the Dungeon)
 o - a +0 club {mace}
   (You took it off a goblin on level 1 of the Dungeon)
 p - a +0 whip {mace}
   (You found it on level 1 of the Dungeon)
 C - a +2 vorpal war axe {axe}
   (You took it off an orc on level 3 of the Dungeon)
Missiles
 c - 5 silver boomerangs {throwing}
 h - 105 stones (quivered) {throwing}
Armour
 b - a +0 buckler (worn)
 j - a +0 plate armour (worn)
   (You found it on level 1 of the Dungeon)
 y - a +0 scale mail
Jewellery
 u - a +6 ring of intelligence (left hand)
   (You found it on level 2 of the Dungeon)
Wands
 D - a wand of digging (5)
   (You found it on level 3 of the Dungeon)
Scrolls
 d - a scroll of teleportation {@r4}
 r - a scroll of vulnerability {unknown}
 s - 2 scrolls of fear {unknown}
 t - 2 scrolls of enchant armour {unknown}
 w - a scroll of magic mapping {unknown}
 x - 3 scrolls of identify {unknown}
 A - a scroll of summoning {unknown}
 B - a scroll of noise {unknown}
Potions
 l - a potion of mutation {!q}

Dungeon Overview and Level Annotations

Branches:
Dungeon (4/15)
 Temple: D:4-7

†..†...†....##...........
##..$....(...............
.#..........##..o...#....
.############ #z.......
.##.......# #......#
..........#######÷....#
##...............{{..##
..........########oz.#
##..............@zzz.#
#..
#........########o..#....
#.......<# ##.....##
#......<.#######<........
#.#########..............
#.# #####...........#..
##.#####....).......####
# ...$.†...#######...##
#.#..# ##.?###### ...##
.....!##


You could see 4 wights and 2 orcs.


Message History

Done exploring.
Done exploring.
You climb downwards.
There is a stone staircase leading up here.
A wight comes into view. It is wielding a +3 dagger.
The orc wizard gestures at you while chanting.
The puff of flame hits you. 😕 HP[-3]
You take 3 damage, and now have 47/50 hp.
You are too injured to fight recklessly!
You are too injured to fight recklessly!
You are too injured to fight recklessly!
You are too injured to fight recklessly!
You are too injured to fight recklessly!
You are too injured to fight recklessly!
You are too injured to fight recklessly!
You are too injured to fight recklessly!
You are too injured to fight recklessly!
You are too injured to fight recklessly!
You are too injured to fight recklessly!
You are too injured to fight recklessly!
You are too injured to fight recklessly!
You are too injured to fight recklessly!
A wight comes into view. It is wielding a +0 short sword.
The orc wizard hits you but does no damage.
You punch the orc wizard!
The orc wizard hits you but does no damage.
You punch the orc wizard!
You kill the orc wizard! 😕 HP[+1]
You hit the wight. You block the wight's attack.
You closely miss the wight. The wight hits you with a +5 scimitar!
You feel drained. 😮 HP[-14]
You now have 49 max hp (-1).
You take 14 damage, and now have 34/49 hp.
MASSIVE DAMAGE!! (PAUSE) Unknown command.
You barely miss the wight. The wight completely misses you.
The orc shouts!
You hit the wight. The wight hits you with a +5 scimitar.
You feel drained. 😮 HP[-1]
You now have 48 max hp (-1).
Unknown command.
You hit the wight but do no damage. The wight hits you but does no damage.
You hit the wight. You block the wight's attack.
You closely miss the wight. The wight hits you with a +5 scimitar.
You feel drained. 😮 HP[-5]
You now have 46 max hp (-2).
You take 5 damage, and now have 28/46 hp.
Unknown command.
You hit the wight but do no damage. You closely miss the wight.
The wight hits you with a +5 scimitar!
* * * LOW HITPOINT WARNING * * *
You feel drained.
* * * LOW HITPOINT WARNING * * *
😨 HP[-12]
You now have 45 max hp (-1).
You take 12 damage, and now have 16/45 hp.
MASSIVE DAMAGE!! (PAUSE) It was a potion of cancellation.
You feel magically purged. The wight hits you with a +5 scimitar.
* * * LOW HITPOINT WARNING * * *
You feel drained.
* * * LOW HITPOINT WARNING * * *
😱 HP[-8]
You now have 44 max hp (-1).
You take 8 damage, and now have 8/44 hp.
Unknown command.
Unknown command.
It was a potion of curing.
You feel better.
The wight hits you but does no damage. 😨 HP[+11]
You regained 11 hp, and now have 19/44 hp.
It was a potion of mutation.
You feel extremely strange. A pair of antennae grows on your head!
Your feet thicken and deform.
The wight hits you with a +5 scimitar.
* * * LOW HITPOINT WARNING * * *
You feel drained.
* * * LOW HITPOINT WARNING * * *
😨 HP[-5]
You now have 42 max hp (-2).
You take 5 damage, and now have 14/42 hp.
Unknown command.
It was a potion of degeneration.
There was something very wrong with that liquid.
You feel weakened.
You feel dopey.
You feel clumsy. The wight hits you with a +5 scimitar!
* * * LOW HITPOINT WARNING * * *
😱 HP[-8]
You take 8 damage, and now have 6/42 hp.
You feel better. The wight hits you with a +5 scimitar!
* * * LOW HITPOINT WARNING * * *
😱 HP[-1]
You take 1 damage, and now have 5/42 hp.
It was a potion of haste.
You feel yourself speed up. The wight hits you with a +5 scimitar!
You die...

Skill      XL: |  1  2  3  4  5 |
---------------+----------------+-----
Unarmed Combat | 2 3 4 5 6 |  6.6
Fighting       | |  2.6
Armour         | |  2.6
Shields        | |  2.6

Action                   |  1- 3 |  4- 6 || total
-------------------------+-------+-------++-------
Melee: Unarmed           |   127 |   110 ||   237
 Fire: Hand crossbow     |       |    43 ||    43
Throw: Stone             |     5 |       ||     5
  Use: Potion            |     1 |     7 ||     8
       Scroll            |     1 |     2 ||     3
Armor: Plate armour      |    74 |   100 ||   174
       Scale mail        |     7 |       ||     7
Dodge: Dodged            |    32 |    37 ||    69
Block: Buckler           |    21 |    33 ||    54

Levels and vault maps discovered:
D:1:      dpeg_arrival_rhombi, layout_basic,
          shapermc_ecumenical_altar_mp_urbaneastern, minmay_misc_feat_tower
D:2:      layout_loops_corners, uniq_natasha, uniq_sigmund
D:3:      layout_loops_corners, serial_aquarium, aquarium_bridge_long_joined
          [aquarium_subvault_bridge, aquarium_subvault_wall,
          aquarium_subvault_bridge, aquarium_subvault_wall,
          aquarium_subvault_balcony, aquarium_subvault_wall],
          aquarium_bridge_island_small [aquarium_subvault_small_open,
          aquarium_subvault_bridge, aquarium_subvault_wall,
          aquarium_subvault_wall, aquarium_subvault_wall], aquarium_window_fake,
          aquarium_window_fake, aquarium_window_1, aquarium_view_2a,
          aquarium_balcony_1a, hex_large
D:4:      layout_rooms

Notes
Turn   | Place    | Note
-------+----------+-------------------------------------------
     0 | D:1      | spaghetti the Demigod Fighter began the quest for the Orb.
     0 | D:1      | Reached XP level 1. HP: 18/18 MP: 3/3
     0 | D:1      | magus.rc [v1.9.6]
    16 | D:1      | You add the spells Alistair's Intoxication, Borgnjor's Vile
                  | Clutch and Eringya's Noxious Bog to your library.
    28 | D:1      | Reached skill level 2 in Unarmed Combat
   549 | D:1      | Reached XP level 2. HP: 25/25 MP: 4/4
   900 | D:1      | Reached skill level 3 in Unarmed Combat
  1101 | D:2      | Noticed Natasha
  1109 | D:2      | Killed Natasha
  1110 | D:2      | Reached XP level 3. HP: 24/30 MP: 5/5
  1668 | D:2      | Reached skill level 4 in Unarmed Combat
  1678 | D:2      | Noticed Natasha
  1686 | D:2      | Killed Natasha
  1687 | D:2      | Reached XP level 4. HP: 28/37 MP: 6/6
  2030 | D:2      | Noticed Sigmund
  2036 | D:2      | Killed Sigmund
  2037 | D:2      | Reached skill level 5 in Unarmed Combat
  2037 | D:2      | Reached XP level 5. HP: 29/42 MP: 7/7
  2446 | D:3      | Noticed a centaur
  2456 | D:3      | Killed a centaur
  2457 | D:3      | Reached skill level 6 in Unarmed Combat
  2457 | D:3      | Reached XP level 6. HP: 29/50 MP: 8/8
  4065 | D:4      | HP: 10/45 [wight/+5 scimitar (6)]
  4067 | D:4      | Gained mutation: You have a pair of small antennae on your
                  | head. [potion of mutation]
  4067 | D:4      | Gained mutation: You have large cloven feet. [potion of
                  | mutation]
  4070 | D:4      | Slain by a wight

Vanquished Creatures
  Sigmund (D:2)
  A centaur (D:3)
  An orc wizard (D:4)
  Natasha (twice) (D:2)
  3 adders
  An ufetubus (D:4)
  2 worms
  A dart slug (D:1)
  An orc (D:3)
  7 bats
  3 endoplasms
  5 giant cockroaches
  5 goblins
  4 hobgoblins
  9 jackals
  4 kobolds
  7 quokkas
  9 ball pythons
  3 frilled lizards
  4 rats
73 creatures vanquished.

Vanquished Creatures (others)
  A fungus (D:1)
  A plant (D:1)
2 creatures vanquished.

Grand Total: 75 creatures vanquished

Table legend:
 A = Non-vault XP
 B = Vault XP
 C = Vault XP percentage of total XP
 D = Non-vault monster count
 E = Vault monster count
 F = Vault count percentage of total count
                 A         B        C        D         E       F
            +---------+---------+-------+---------+---------+-------
      Total |     350 |     276 |  44.1 |      70 |       3 |   4.1
            +---------+---------+-------+---------+---------+-------
        D:1 |      30 |       0 |   0.0 |      18 |       0 |   0.0
        D:2 |      90 |     274 |  75.3 |      25 |       2 |   7.4
        D:3 |     136 |       2 |   1.4 |      11 |       1 |   8.3
        D:4 |      94 |       0 |   0.0 |      16 |       0 |   0.0
            +---------+---------+-------+---------+---------+-------

Illustrated notes

Table legend:
 A = Kills in this place as a percentage of kills in entire the game.
 B = Kills by you in this place as a percentage of kills by you in the entire game.
 C = Kills by friends in this place as a percentage of kills by friends in the entire game.
 D = Other kills in this place as a percentage of other kills in the entire game.
 E = Experience gained in this place as a percentage of experience gained in the entire game.
 F = Experience gained in this place divided by the number of levels of this place that you have seen.
                   A       B       C       D       E      F
               +-------+-------+-------+-------+-------+----------------------
         Total | 100.0 | 100.0 |   N/A |   N/A | 100.0 | 156.5
       Dungeon | 100.0 | 100.0 |   N/A |   N/A | 100.0 | 156.5
               +-------+-------+-------+-------+-------+----------------------

Table legend: (Time is in decaauts)
 A = Elapsed time spent in this place.
 B = Non-inter-level travel time spent in this place.
 C = Inter-level travel time spent in this place.
 D = Time resting spent in this place.
 E = Time spent auto-exploring this place.
 F = Levels seen in this place.
 G = Mean time per level.
                   A        B        C        D        E       F      G
               +--------+--------+--------+--------+--------+-----+--------+
         Total |   4098 |   3992 |    106 |    155 |   3241 |   4 | 1024.5 |
       Dungeon |   4098 |   3992 |    106 |    155 |   3241 |   4 | 1024.5 |
               +--------+--------+--------+--------+--------+-----+--------+

Top non-repeatable levels by time:
     D:3: 1355 daAuts
     D:2: 1300 daAuts
     D:1: 1081 daAuts
     D:4: 361 daAuts
